 Dungeon Crawl Stone Soup version 0.26.0-7-g794d0892b4 (webtiles) character file.

Game seed: 10552739308536742438

6000 Delamore the Basher (level 10, -1/59 HPs)
             Began as a Gargoyle Fighter on Jan 11, 2021.
             Was an Elder of Okawaru.
             Slain by a gargoyle
             ... wielding a +0 mace
              (10 damage)
             ... on level 10 of the Dungeon.
             The game lasted 00:12:06 (8839 turns).

Delamore the Basher (Gargoyle Fighter)              Turns: 8839, Time: 00:12:06

Health: -1/59      AC: 21    Str: 27 (29) XL:     10   Next: 85%
Magic:  12/12      EV:  5    Int:  9 (11) God:    Okawaru [****..]
Gold:   421        SH: 10    Dex:  6 (9)  Spells: 9/9 levels left

rFire    + . .     SeeInvis .   C - +4 mace of Haci {elec, *Rage rC+ Int+2}
rCold    + . .     Faith    .   c - +0 kite shield
rNeg     + . .     Spirit   .   E - +0 plate armour
rPois    ∞         Reflect  .   t - +1 helmet
rElec    +         Harm     .   (no cloak)
rCorr    .         Rampage  .   (no gloves)
Will     .....     Rnd*Rage +   p - +0 pair of boots
Stlth    ..........             (no amulet)
HPRegen  0.19/turn              l - ring of protection from fire
MPRegen  0.13/turn              u - +6 ring of strength (curse)

@: no status effects
A: negative energy resistance 1, electricity resistance, unbreathing,
petrification resistance, miasma immunity, AC +7
a: Renounce Religion, Heroism


You were on level 10 of the Dungeon.
You worshipped Okawaru.
Okawaru was greatly pleased with you.
You visited 2 branches of the dungeon, and saw 11 of its levels.

You collected 421 gold pieces.

Inventory:

Hand Weapons
 a - a +0 flail
 C - the +4 mace of Haci (weapon) {elec, *Rage rC+ Int+2}
   (You found it on level 6 of the Dungeon)

   Occasionally, upon striking a foe, it can discharge electrical energy and
   cause terrible harm.
   It affects your intelligence (+2).
   It protects you from cold.
   It may make you go berserk in combat.
Missiles
 m - 40 poisoned darts (quivered)
Armour
 b - a +0 scale mail
 c - a +0 kite shield (worn)
 e - a +0 chain mail
 p - a +0 pair of boots (worn)
 t - a +1 helmet (worn)
 E - a +0 plate armour (worn)
Jewellery
 l - a ring of protection from fire (left hand)
 u - a cursed +6 ring of strength (right hand)
 H - an uncursed ring of positive energy
 L - an uncursed amulet of magic regeneration
 M - an uncursed ring of fire
Wands
 x - a wand of paralysis (6)
 y - a wand of flame (34)
 F - a wand of polymorph (9)
Scrolls
 g - 7 scrolls of remove curse
 h - 4 scrolls of enchant weapon {unknown}
 i - 2 scrolls of magic mapping {unknown}
 j - 3 scrolls of enchant armour {unknown}
 n - 8 scrolls of teleportation
 o - 4 scrolls of fear
 w - a scroll of immolation
 A - a scroll of summoning {unknown}
 B - a scroll of amnesia {unknown}
 J - a scroll of noise {unknown}
 K - a scroll of holy word
Potions
 d - 5 potions of might
 f - 5 potions of curing
 k - 2 potions of invisibility
 q - a potion of attraction
 r - 2 potions of magic {unknown}
 s - a potion of lignification {unknown}
 v - 3 potions of haste {unknown}
 z - a potion of brilliance {unknown}
 D - a potion of heal wounds {unknown}
 G - a potion of mutation {unknown}
 I - 2 potions of degeneration
 N - a potion of flight {unknown}
 O - 4 potions of ambrosia
Miscellaneous
 P - a phantom mirror


   Skills:
 - Level 5.0 Fighting
 - Level 14.0 Maces & Flails
 + Level 2.6 Throwing
 - Level 3.2 Armour
 - Level 5.0 Shields
 + Level 3.6 Invocations


You had 9 spell levels left.
You didn't know any spells.
Your spell library was empty.

Dungeon Overview and Level Annotations

Branches:
Dungeon (10/15)            Temple (1/1) D:5
   Lair: D:8-11         Orc: D:9-12

Altars:
Ashenzari
Cheibriados
Dithmenos
Elyvilon
Fedhas
Gozag
Hepliaklqana
Kikubaaqudgha
Makhleb
Nemelex Xobeh
Okawaru
Qazlal
Ru
Sif Muna
Trog
Uskayaw
Vehumet
Wu Jian
Xom
Yredelemnul
Zin
The Shining One

Shops:
D:9 !


Innate Abilities, Weirdness & Mutations

You are resistant to torment.
Your stone body is resilient. (AC +7)
You are immune to poison.
You resist negative energy. (rN+)
You are resistant to electric shocks. (rElec)
You can survive without breathing.
You are immune to petrification.
You are immune to miasma.


Message History

The gargoyle is lightly damaged.
You hit the gargoyle but do no damage.
The gargoyle is lightly damaged.
You block the gargoyle's attack.
You hit the gargoyle but do no damage.
The gargoyle is lightly damaged.
The gargoyle hits you with a +0 mace!
You barely miss the gargoyle.
The gargoyle is lightly damaged.
You hit the gargoyle but do no damage.
The gargoyle is lightly damaged.
The gargoyle hurls a stone arrow at you.
The stone arrow hits you!!
* * * LOW HITPOINT WARNING * * *
Okay, then.
It was a potion of degeneration.
There was something very wrong with that liquid.
You feel weakened.
You feel dopey.
You feel clumsy. The gargoyle hits you with a +0 mace!
You die...

#........#
#........####
#...........
#..........
#.......^#
#........#
#........#
#..9@<...#
#........#
#........#
#........#
#........#
#........#
.........#
###########


You could see a gargoyle.

Vanquished Creatures
  Pikel (D:9)
  A queen bee (D:9)
  Grinder (D:4)
  A wyvern (D:8)
  Menkaure (D:6)
  Edmund (D:6)
  5 orc warriors
  4 black bears
  2 sky beasts
  A phantom (D:8)
  3 ogres
  2 centaurs
  3 lemures (D:9)
  A big kobold (D:8)
  3 bullfrogs
  6 scorpions
  24 killer bees (D:9)
  3 wights (D:9)
  An electric eel (D:6)
  3 howler monkeys
  4 hounds
  2 jellies
  7 orc wizards
  4 orc priests
  2 bullfrog skeletons (D:8)
  4 iguanas
  Jessica (D:3)
  Natasha (thrice) (D:4)
  8 worker ants
  A killer bee zombie (D:7)
  A hound skeleton (D:8)
  Robin (D:4)
  2 worker ant zombies
  17 adders
  2 shadow imps (D:6)
  4 white imps
  An ooze (D:5)
  2 adder skeletons
  2 worms
  2 dart slugs
  3 leopard geckos
  33 orcs
  4 giant cockroaches
  19 goblins
  3 hobgoblins
  18 jackals
  9 kobolds
  2 quokkas
  A ball python (D:2)
  10 bats
  3 frilled lizards
  3 jackal zombies
  A leopard gecko skeleton (D:5)
  11 rats
257 creatures vanquished.

Vanquished Creatures (others)
  11 fungi (D:5)
  3 plants (D:6)
14 creatures vanquished.

Grand Total: 271 creatures vanquished

Notes
Turn   | Place    | Note
-------+----------+-------------------------------------------
     0 | D:1      | Delamore the Gargoyle Fighter began the quest for the Orb.
     0 | D:1      | Reached XP level 1. HP: 14/14 MP: 1/1
    76 | D:1      | Reached XP level 2. HP: 19/19 MP: 2/2
   650 | D:2      | Reached XP level 3. HP: 17/24 MP: 3/3
   970 | D:2      | Found an ancient bone altar of Kikubaaqudgha.
  1096 | D:2      | Reached XP level 4. HP: 26/29 MP: 4/4
  1101 | D:2      | Reached skill level 3 in Maces & Flails
  1136 | D:2      | Found a blossoming altar of Fedhas.
  1833 | D:4      | Noticed Robin
  1888 | D:4      | Killed Robin
  2124 | D:4      | Reached XP level 5. HP: 28/33 MP: 5/5
  2215 | D:4      | Noticed Natasha
  2259 | D:4      | Killed Natasha
  2650 | D:3      | Reached skill level 4 in Maces & Flails
  2723 | D:3      | Noticed Jessica
  2730 | D:3      | Killed Jessica
  2876 | D:3      | Found an opulent altar of Gozag.
  2879 | D:3      | Found a sparkling altar of Nemelex Xobeh.
  2993 | D:4      | Reached skill level 5 in Shields
  2993 | D:4      | Reached XP level 6. HP: 39/39 MP: 6/6
  3070 | D:4      | Noticed Natasha
  3087 | D:4      | Killed Natasha
  3223 | D:4      | Noticed Natasha
  3227 | D:4      | Noticed Grinder
  3230 | D:4      | Killed Natasha
  3238 | D:4      | Paralysed by Grinder for 6 turns
  3239 | D:4      | Reached skill level 5 in Maces & Flails
  3255 | D:4      | Paralysed by Grinder for 4 turns
  3262 | D:4      | Killed Grinder
  3263 | D:4      | Reached XP level 7. HP: 20/44 MP: 7/7
  3546 | D:4      | Reached skill level 5 in Fighting
  3546 | D:4      | Reached skill level 6 in Maces & Flails
  3795 | D:5      | Entered Level 5 of the Dungeon
  3829 | D:5      | Found a white marble altar of Elyvilon.
  4022 | D:5      | Reached skill level 7 in Maces & Flails
  4170 | D:5      | Reached XP level 8. HP: 49/49 MP: 8/8
  4253 | D:5      | Found a sparkling altar of Nemelex Xobeh.
  4273 | D:5      | Found a staircase to the Ecumenical Temple.
  4345 | Temple   | Entered the Ecumenical Temple
  4397 | Temple   | Became a worshipper of Warmaster Okawaru
  4492 | D:5      | Reached skill level 8 in Maces & Flails
  4892 | D:6      | Noticed Menkaure
  4901 | D:6      | Killed Menkaure
  4902 | D:6      | Reached skill level 9 in Maces & Flails
  5134 | D:6      | Got an ancient mace
  5135 | D:6      | Identified the +4 mace of Haci {elec, *Rage rC+ Int+2} (You
                  | found it on level 6 of the Dungeon)
  5142 | D:6      | Found a burning altar of Makhleb.
  5424 | D:6      | Found a shimmering altar of Xom.
  5787 | D:6      | Noticed Edmund
  5796 | D:6      | Killed Edmund
  5796 | D:6      | Reached * piety under Okawaru
  5941 | D:7      | Reached skill level 10 in Maces & Flails
  5955 | D:7      | Reached XP level 9. HP: 43/54 MP: 9/9
  6268 | D:7      | Noticed a moth of wrath
  6270 | D:7      | Found a bloodstained altar of Trog.
  6380 | D:7      | Found a shimmering blue altar of Sif Muna.
  6473 | D:8      | Reached skill level 11 in Maces & Flails
  6555 | D:8      | Reached ** piety under Okawaru
  6773 | D:8      | Reached skill level 12 in Maces & Flails
  7333 | D:8      | Reached XP level 10. HP: 59/59 MP: 10/10
  7447 | D:9      | Found a hide-covered altar of Uskayaw.
  7482 | D:9      | Reached *** piety under Okawaru
  7528 | D:9      | Found Diojoss's Distillery.
  7533 | D:9      | Reached skill level 13 in Maces & Flails
  7597 | D:9      | Noticed Pikel
  7976 | D:9      | Reached **** piety under Okawaru
  8008 | D:9      | Reached skill level 14 in Maces & Flails
  8012 | D:9      | Reached skill level 1 in Invocations
  8320 | D:9      | Reached skill level 1 in Throwing
  8393 | D:9      | Found an iron altar of Okawaru.
  8454 | D:9      | Found a stormy altar of Qazlal.
  8575 | D:9      | Killed Pikel
  8628 | D:10     | Entered Level 10 of the Dungeon
  8630 | D:10     | Noticed a two-headed ogre
  8827 | D:10     | Noticed a gargoyle
  8839 | D:10     | Slain by a gargoyle

Illustrated notes

Levels and vault maps discovered:
D:1:      lightli_molten_gateway, layout_loops_ring, kennysheep_another_room
D:2:      layout_rooms, general_overflow_altar, old_standard_altar,
          serial_corexii_hall, corexii_hall_statues_i, corexii_hall_statues_i,
          minmay_hexomino_u4
D:3:      layout_loops_ring, grunt_temple_overflow_opulence,
          kennysheep_jessica_study
D:4:      layout_cave_pods, uniq_robin, uniq_grinder, uniq_natasha
D:5:      old_forge, layout_basic, nicolae_overflow_crystal_walls,
          minmay_temple_entry_mist, nemelex_spade_bored_becter
D:6:      layout_loops_corners, marbit_many_paths, old_standard_altar,
          serial_bayou_lagoon_a, uniq_edmund, uniq_menkaure
D:7:      layout_rooms, led_sif_pool, tgw_trog
D:8:      layout_basic, minmay_stone_trees_small
D:9:      layout_roguey [special_room_bee], eat_drink_and_be_merry_uskayaw,
          lemuel_round_altar, serial_shops, shop, wad_floor_pattern_2,
          okawaru_gym_becter, uniq_pikel
D:10:     layout_long_grid
Temple:   nicolae_temple_x_marks_the_god

Skill      XL: |  1  2  3  4  5  6  7  8  9 10 |
---------------+-------------------------------+-----
Shields        | 4 5 |  5.0
Maces & Flails | 3 4 5 7 10 12 14 | 14.0
Fighting       | 4 5 |  5.0
Invocations    | 3 |  3.6
Throwing       | 2 |  2.6
Armour         | |  3.2

Action                   |  1- 3 |  4- 6 |  7- 9 | 10-12 || total
-------------------------+-------+-------+-------+-------++-------
Melee: Flail             |   126 |   258 |   147 |       ||   531
       Unarmed           |       |     5 |       |       ||     5
       Mace              |       |       |   216 |   185 ||   401
Throw: Dart              |       |    10 |       |       ||    10
Evoke: Wand              |       |       |     2 |     1 ||     3
  Use: Scroll            |       |       |     9 |       ||     9
       Potion            |       |       |       |     2 ||     2
Armor: Scale mail        |    93 |   192 |    59 |       ||   344
       Skin              |       |    37 |       |       ||    37
       Chain mail        |       |       |    65 |       ||    65
       Plate armour      |       |       |    65 |    99 ||   164
Dodge: Dodged            |    53 |    97 |    89 |    36 ||   275
Block: Kite shield       |    88 |   165 |   178 |   102 ||   533
